 Dungeon Crawl Stone Soup version 0.21.0-3-g78d12a8 (webtiles) character file.

950 Leibowitz the Slasher (level 7, -10/55 HPs)
             Began as a Demonspawn Fighter on Jan 9, 2018.
             Killed from afar by an orc wizard (19 damage)
             ... with a wand of acid (2)
             ... on level 5 of the Dungeon.
             The game lasted 00:13:43 (4869 turns).

Leibowitz the Slasher (Demonspawn Fighter)          Turns: 4869, Time: 00:13:43

Health: -10/55     AC: 12    Str: 18    XL:     7   Next: 90%
Magic:  0/16       EV:  6    Int: 10    God:
Gold:   274        SH:  9    Dex: 12    Spells: 6/6 levels left

rFire    . . .     SeeInvis .   a - +0 long sword
rCold    + + .     Gourm    .   c - +0 shield
rNeg     . . .     Faith    .   n - +0 chain mail
rPois    .         Spirit   +   (no helmet)
rElec    .         Reflect  .   m - +0 cloak (curse)
rCorr    .         Harm     .   (no gloves)
MR       .....                  (no boots)
Stlth    ..........             E - amulet of guardian spirit
HPRegen  0.18/turn              y - ring of protection from cold
MPRegen  0.15/turn              B - ring of magical power

@: corroded, sanguine armour
A: talons 2, cold resistance 1, rot immunity, sanguine armour 1
a: no special abilities


You were on level 5 of the Dungeon.
You were not hungry.

You visited 1 branch of the dungeon, and saw 5 of its levels.

You collected 274 gold pieces.

Inventory:

Hand Weapons
 a - a +0 long sword (weapon)
 w - a +2 trident of venom
Armour
 c - a +0 shield (worn)
 m - a cursed +0 cloak (worn)
 n - a +0 chain mail (worn)
Jewellery
 y - a ring of protection from cold (left hand)
 B - a ring of magical power (right hand)
 E - an amulet of guardian spirit (around neck)
Wands
 x - a wand of acid (7)
Scrolls
 b - 2 scrolls of immolation {unknown}
 e - 3 scrolls of fog {unknown}
 g - 2 scrolls of teleportation {unknown}
 h - a scroll of fear {unknown}
 k - 2 scrolls of enchant armour {unknown}
 l - 6 scrolls of identify {unknown}
 q - a scroll of blinking {unknown}
 t - a scroll of magic mapping {unknown}
 A - a scroll of remove curse {unknown}
 D - a scroll of amnesia {unknown}
Potions
 d - 2 potions of might
 i - 2 potions of agility {unknown}
 j - 2 potions of haste {unknown}
 o - 2 potions of curing
 p - a potion of heal wounds {unknown}
 r - 2 potions of brilliance
 s - a potion of lignification {unknown}
 u - a potion of berserk rage {unknown}
 v - a potion of magic {unknown}
 z - a potion of resistance {unknown}
Comestibles
 f - 6 rations
 C - 4 chunks of flesh


   Skills:
 * Level 4.5 Fighting
 * Level 5.0 Long Blades
 * Level 4.7 Armour
 * Level 2.3 Dodging
 + Level 0.1 Stealth
 * Level 4.5 Shields


You had 6 spell levels left.
You didn't know any spells.

Dungeon Overview and Level Annotations

Branches:
Dungeon (5/15)
 Temple: D:4-7

Altars:
Cheibriados
Trog
Uskayaw

Annotations:
D:5 Leibowitz's ghost, novice DsFi


Innate Abilities, Weirdness & Mutations

You have razor-sharp toenails.
Your flesh is cold resistant. (rC+)
You are immune to rotting.
When seriously injured, your bleeding wounds create armour. (AC +6)


Message History

The magic dart hits you!
You hit something. Your kick misses something.
Something hits you but does no damage. x2
You hit something. You claw something. Something hits you but does no damage.
You hit something but do no damage. Your kick misses something.
You hear a zap.
A bolt of acid appears from out of thin air!
The bolt of acid hits you!
* * * LOW HITPOINT WARNING * * *
The acid corrodes you!
You are splashed with acid!
The acid burns!
* * * LOW HITPOINT WARNING * * *
You feel better.
You hear some strange, mumbled words.
A magic dart appears from out of thin air!
The magic dart hits you!
You barely miss something.
You hear a zap.
A bolt of acid appears from out of thin air!
The bolt of acid hits you!
You die...

#.....# #########..######
##############
##..#..#....###..###...##..##....
............#...........#..#.....
............#...........#..#.....
............#...........#..#.....
.........>..#...........#..'.....
............'...))......#..#.....
#..##..#########@###..###.###...#
#..##..##...##..{###..###.####'##
........#.........#..............
........#.........'..............
........#.........#.......o#.#...
........#.........#...o.[.o._....
#..##..##..[##..###o########.#.##
#'###..##'####..###o#######..####
........#...#..oo....#.........#.


There were no monsters in sight!

Vanquished Creatures
  An ogre (D:5)
  A centaur (D:5)
  The ghost of komo4ek the Covert, an amateur SpAs (D:3)
  A water moccasin zombie (D:5)
  A jelly (D:4)
  3 hounds
  4 orc wizards
  3 orc priests (D:5)
  2 bullfrog skeletons
  An iguana (D:5)
  3 worker ants
  Robin (D:2)
  5 adders
  An ooze (D:1)
  2 worms (D:3)
  3 dart slugs
  3 leopard geckos
  18 orcs
  2 ball pythons
  3 giant cockroaches
  20 goblins
  4 hobgoblins
  10 kobolds
  2 quokkas (D:2)
  7 bats
  6 frilled lizards
  7 rats
115 creatures vanquished.

Notes
Turn   | Place    | Note
-------+----------+-------------------------------------------
     0 | D:1      | Leibowitz the Demonspawn Fighter began the quest for the Orb.
     0 | D:1      | Reached XP level 1. HP: 18/18 MP: 1/1
   245 | D:1      | Gained mutation: When seriously injured, your bleeding wounds create armour. (AC +6) [demonic ancestry]
   245 | D:1      | Reached XP level 2. HP: 13/24 MP: 2/2
   246 | D:1      | Reached skill level 2 in Long Blades
  1038 | D:1      | Gained mutation: You have sharp toenails. [demonic ancestry]
  1038 | D:1      | Reached XP level 3. HP: 29/29 MP: 3/3
  1141 | D:2      | Noticed Robin
  1427 | D:2      | Killed Robin
  1427 | D:2      | Gained mutation: Your flesh is cold resistant. (rC+) [demonic ancestry]
  1427 | D:2      | Reached XP level 4. HP: 27/35 MP: 4/4
  1717 | D:2      | Reached skill level 1 in Dodging
  1923 | D:3      | Noticed komo4ek's ghost (amateur SpAs)
  1943 | D:3      | Killed komo4ek's ghost
  1943 | D:3      | Reached skill level 3 in Long Blades
  1943 | D:3      | Reached XP level 5. HP: 38/41 MP: 5/5
  2500 | D:4      | Gained mutation: You have razor-sharp toenails. [demonic ancestry]
  2500 | D:4      | Reached XP level 6. HP: 35/48 MP: 6/6
  3284 | D:4      | Found a snail-covered altar of Cheibriados.
  3284 | D:4      | Found a bloodstained altar of Trog.
  3394 | D:5      | Entered Level 5 of the Dungeon
  3441 | D:4      | Reached skill level 4 in Long Blades
  4047 | D:5      | Gained mutation: You are immune to rotting. [demonic ancestry]
  4047 | D:5      | Reached XP level 7. HP: 54/54 MP: 7/7
  4509 | D:5      | Noticed Leibowitz's ghost (novice DsFi)
  4662 | D:5      | Found a hide-covered altar of Uskayaw.
  4837 | D:5      | Reached skill level 5 in Long Blades
  4867 | D:5      | HP: 1/55 [acid (13)]
  4869 | D:5      | Killed from afar by an orc wizard

Skill      XL: |  1  2  3  4  5  6  7 |
---------------+----------------------+-----
Long Blades    | 2 3 4 5 |  5.0
Shields        | 3 4 |  4.5
Armour         | 3 4 |  4.7
Dodging        | 1 2 |  2.3
Fighting       | 4 |  4.5
Stealth        | |  0.1

Action                   |  1- 3 |  4- 6 |  7- 9 || total
-------------------------+-------+-------+-------++-------
Melee: Long sword        |   141 |   213 |    93 ||   447
       Kick              |    17 |    58 |    27 ||   102
Evoke: Wand              |       |     2 |       ||     2
  Use: Potion            |       |     2 |     1 ||     3
  Eat: Chunk             |     2 |     7 |     5 ||    14
Armor: Scale mail        |    33 |       |       ||    33
       Chain mail        |    99 |   127 |    58 ||   284
Dodge: Dodged            |    38 |    40 |    28 ||   106
Block: Shield            |    84 |   109 |    44 ||   237
       Rpst.: Long sword |    16 |    12 |    10 ||    38
